 Dungeon Crawl Stone Soup version 0.27-a0-686-gaed091b46b (webtiles) character file.

Game seed: 15231046262648886524

4 Lanoc the Ducker (level 1, -3/15 HPs)
             Began as a Minotaur Fire Elementalist on Mar 20, 2021.
             Slain by a goblin
             ... wielding a +0 dagger
              (4 damage)
             ... on level 1 of the Dungeon.
             The game lasted 00:00:25 (52 turns).

Lanoc the Ducker (Minotaur Fire Elementalist)         Turns: 52, Time: 00:00:26

Health: -3/15      AC:  2    Str: 12    XL:     1   Next: 50%
Magic:  0/1        EV: 12    Int: 12    God:
Gold:   0          SH:  0    Dex: 10    Spells: 1/2 levels left

rFire    . . .     SeeInvis .   (no weapon)
rCold    . . .     Faith    .   (no shield)
rNeg     . . .     Spirit   .   a - +0 robe
rPois    .         Reflect  .   (helmet restricted)
rElec    .         Harm     .   (no cloak)
rCorr    .         Rampage  .   (no gloves)
Will     .....                  (no boots)
Stlth    ++........             (no amulet)
HPRegen  0.05/turn              (no ring)
MPRegen  0.07/turn              (no ring)

@: no status effects
A: horns 2, retaliatory headbutt
a: no special abilities


You were on level 1 of the Dungeon.
You visited 1 branch of the dungeon, and saw 1 of its levels.

Inventory:

Armour
 a - a +0 robe (worn)


   Skills:
 + Level 0.8 Fighting
 + Level 2.4 Dodging
 - Level 1.5 Stealth
 - Level 1.3 Spellcasting
 - Level 0.6 Conjurations
 - Level 2.1 Fire Magic


You had one spell level left.
You knew the following spells:

 Your Spells              Type           Power      Damage    Failure   Level
a - Foxfire               Conj/Fire      16%        2x1d4     17%         1

Your spell library contained the following spells:

 Spells                   Type           Power      Damage    Failure   Level
 Conjure Flame            Conj/Fire      4%         6-21      45%         3
 Inner Flame              Hex/Fire       3%         N/A       50%         3
 Sticky Flame             Conj/Fire      4%         2d3       86%         4
 Fireball                 Conj/Fire      2%         3d4       99%         5


Dungeon Overview and Level Annotations

Branches:
Dungeon (1/15)

Altars:


Innate Abilities, Weirdness & Mutations

You have a pair of horns on your head.
You reflexively headbutt those who attack you in melee.


Message History

The hobgoblin hits you.
You closely miss the hobgoblin.
The hobgoblin is moderately wounded.
The hobgoblin completely misses you.
You hit the hobgoblin.
The hobgoblin is heavily wounded.
Casting: Foxfire (safe; 17% risk of failure)
Confirm with . or Enter, or press ? or * to list all spells.
You conjure some foxfire!
The foxfire hits the goblin.
The goblin is severely wounded.
The hobgoblin barely misses you. You furiously retaliate!
You headbutt the hobgoblin, but do no damage.
You don't have enough magic to cast this spell.
You hit the goblin but do no damage.
The goblin is severely wounded.
The hobgoblin closely misses you.
You hit the hobgoblin.
The hobgoblin is severely wounded.
The goblin barely misses you. The hobgoblin hits you.
You barely miss the hobgoblin.
The hobgoblin is severely wounded.
The goblin barely misses you. The hobgoblin hits you.
You completely miss the hobgoblin.
The hobgoblin is severely wounded.
The goblin hits you with a +0 dagger.
* * * LOW HITPOINT WARNING * * *
The hobgoblin hits you.
* * * LOW HITPOINT WARNING * * *
You hit the hobgoblin.
The hobgoblin is almost dead.
The goblin closely misses you. The hobgoblin closely misses you.
You furiously retaliate!
You headbutt the hobgoblin.
You kill the hobgoblin!
The goblin hits you with a +0 dagger.
* * * LOW HITPOINT WARNING * * *
There is an open door here.
You hit the goblin but do no damage.
The goblin is heavily wounded.
The goblin hits you with a +0 dagger.
You die...

##### # #...###...
#.<.....8. #...###...
....... ##.## #####
#####........
#...###...###...#........#
#.8.....8....@8.#..........
#...###...###g..#..........
##### ##### ##'##(.........
#K##..........
#.............
#######..........
#................
#...........####
#...........#


You could see a goblin and a kobold.

Vanquished Creatures
  2 hobgoblins (D:1)
  A quokka (D:1)
3 creatures vanquished.

Notes
Turn   | Place    | Note
-------+----------+-------------------------------------------
     0 | D:1      | Lanoc the Minotaur Fire Elementalist began the quest for
                  | the Orb.
     0 | D:1      | Reached XP level 1. HP: 14/14 MP: 1/1
    52 | D:1      | Slain by a goblin

Illustrated notes

Levels and vault maps discovered:
D:1:      minmay_arrival_nine_rooms, layout_basic, minmay_tetromino_l2

Action                   || total
-------------------------++-------
Melee: Unarmed           ||    16
       Headbutt          ||     1
 Cast: Foxfire           ||     1
 Stab: Sleeping          ||     1
Armor: Robe              ||     3
Dodge: Dodged            ||    13

Table legend: (Time is in decaauts)
 A = Elapsed time spent in this place.
 B = Non-inter-level travel time spent in this place.
 C = Inter-level travel time spent in this place.
 D = Time resting spent in this place.
 E = Time spent auto-exploring this place.
 F = Levels seen in this place.
 G = Mean time per level.
                   A        B        C        D        E       F      G
               +--------+--------+--------+--------+--------+-----+--------+
         Total |     52 |     52 |      0 |      0 |     17 |   1 |   52.0 |
       Dungeon |     52 |     52 |      0 |      0 |     17 |   1 |   52.0 |
               +--------+--------+--------+--------+--------+-----+--------+

Top non-repeatable levels by time:
     D:1: 52 daAuts
